 Dungeon Crawl Stone Soup version 0.28.0 (webtiles) character file.

Game seed: 7040368076582211749

32 SnakkuSnakku7 the Sneak (level 3, -5/19 HPs)
             Began as a Vine Stalker Delver on Feb 16, 2022.
             Slain by a gnoll (6 damage)
             ... on level 1 of the Dungeon.
             The game lasted 00:02:24 (1587 turns).

SnakkuSnakku7 the Sneak (Vine Stalker Delver)       Turns: 1587, Time: 00:02:25

Health: -5/19      AC:  8    Str: 16    XL:     3   Next: 27%
Magic:  0/4        EV:  7    Int: 10    God:
Gold:   77         SH:  0    Dex: 15    Spells: 2/2 levels left

rFire   . . .      SeeInvis .   a - +0 scimitar
rCold   . . .      Faith    .   (no shield)
rNeg    . . .      Spirit   +   i - +0 chain mail
rPois   .          Reflect  .   (no helmet)
rElec   .          Harm     .   (no cloak)
rCorr   .          Rampage  .   (no gloves)
Will    .....                   (no boots)
Stlth   ..........              (no amulet)
HPRegen 0.06/turn               (no ring)
MPRegen 0.09/turn               (no ring)

@: no status effects
A: fangs 2, magic shield, antimagic bite, no potion heal 2
a: no special abilities


You were on level 1 of the Dungeon.
You visited 1 branch of the dungeon, and saw 5 of its levels.

You collected 77 gold pieces.

Inventory:

Hand Weapons
 a - a +0 scimitar (weapon)
 h - a +0 falchion
Armour
 b - a +0 leather armour
 i - a +0 chain mail (worn)
Wands
 g - a wand of digging (3)
Scrolls
 c - a scroll of fog
 d - 2 scrolls of magic mapping
 e - a scroll of fear
 j - a scroll of summoning {unknown}
 k - a scroll of amnesia {unknown}
 l - a scroll of enchant weapon {unknown}
Potions
 f - a potion of haste


   Skills:
 - Level 2.6 Fighting
 + Level 3.3 Long Blades
 - Level 1.5 Dodging
 - Level 6.0 Stealth


You had 2 spell levels left.
You didn't know any spells.
Your spell library was empty.

Dungeon Overview and Level Annotations

Branches:
Dungeon (5/15)
 Temple: D:4-7

Altars:


Innate Abilities, Weirdness & Mutations

You have extremely sharp teeth.
When hurt, damage is shared between your health and your magic reserves.
Your bite disrupts and absorbs the magic of your enemies.
Potions cannot restore your health.


Message History

The gnoll hits you with a +0 flail.
You hit the gnoll. Your bite misses the gnoll.
The gnoll is severely wounded.
The gnoll hits you with a +0 flail. x2
You barely miss the gnoll. Your bite misses the gnoll.
The gnoll is severely wounded.
The gnoll hits you with a +0 flail.
You are too injured to fight recklessly!
You are too injured to fight recklessly!
You hit the gnoll. Your bite misses the gnoll.
The gnoll is severely wounded.
The gnoll closely misses you.
You hit the gnoll. Your bite misses the gnoll.
The gnoll is almost dead.
The gnoll hits you with a +0 flail.
* * * LOW HITPOINT WARNING * * *
As you read the scroll of fear, it crumbles to dust.
You assume a fearsome visage.
The gnoll looks frightened!
You see here a +0 chain mail.
You start resting.
Magic restored.
You start resting.
HP restored.
The gnoll hits you with a +0 flail. The gnoll hits you with a +0 flail!
You barely miss the gnoll. Your punch misses the gnoll.
The gnoll hits you with a +0 flail.
You are too injured to fight recklessly!
You are too injured to fight recklessly!
You slash the gnoll! You bite the gnoll, but do no damage.
The gnoll is heavily wounded.
The gnoll hits you with a +0 flail.
* * * LOW HITPOINT WARNING * * *
The bat barely misses you.
You slash the bat!
You kill the bat!
The gnoll hits you with a +0 flail.
* * * LOW HITPOINT WARNING * * *
The gnoll hits you with a +0 flail!
You die...

#..##.##....# #...##......
#...........# #...##......
#.....###...#########......
###...........'..............
#.............####...........
#.###.........# #...........
#.............####......#####
#####.........#.........#
#....).g@†..........#
#......###..........# #
##......##....).....# #
#..................# #
#......###.........# #
###....# #....###### # #.####
###### #####...# #....##+###


You could see a gnoll.

Vanquished Creatures
  A gnoll (D:2)
  A dart slug (D:1)
  A bat (D:1)
  2 endoplasms (D:1)
  A giant cockroach (D:1)
  3 goblins
  2 hobgoblins (D:2)
  3 quokkas
  2 kobolds (D:1)
  3 rats (D:1)
19 creatures vanquished.

Notes
Turn   | Place    | Note
-------+----------+-------------------------------------------
     0 | D:5      | SnakkuSnakku7 the Vine Stalker Delver began the quest for
                  | the Orb.
     0 | D:5      | Reached XP level 1. HP: 11/11 MP: 2/2
   541 | D:1      | Reached XP level 2. HP: 16/16 MP: 3/3
  1211 | D:2      | Found a faded altar of an unknown god.
  1259 | D:2      | Reached XP level 3. HP: 19/19 MP: 4/4
  1587 | D:1      | Slain by a gnoll

Illustrated notes

Levels and vault maps discovered:
D:1:      shiori_arrival_maze, layout_basic, nicolae_wormholes
D:2:      layout_basic, shapermc_ecumenical_altar_notcrosses,
          ebering_dispersal_statue_hall
D:3:      layout_loops_ring, minmay_close_crescents, uniq_robin
D:4:      layout_gridville
D:5:      layout_loops_ring, marbit_many_paths, kennysheep_minor_cross,
          chequers_serial_rivers_micro_e, minmay_misc_feat_enclosed

Skill      XL: |  1  2 |
---------------+-------+-----
Long Blades    | 2 3 |  3.3
Fighting       | |  2.6
Dodging        | |  1.5
Stealth        | |  6.0

Action                   || total
-------------------------++-------
Melee: Scimitar          ||    44
       Bite              ||    11
       Punch             ||     2
  Use: Scroll            ||     1
 Stab: Sleeping          ||     1
Armor: Chain mail        ||    39
Dodge: Dodged            ||    18
